 Dungeon Crawl Stone Soup version 0.31.0-10-gcf4a605ca0 (webtiles) character file.

Game seed: 6483452561290139577

234 Persephone the Shield-Bearer (level 6, -2/37 HPs)
             Began as a Gargoyle Fighter on Jan 25, 2024.
             Killed by nerve-wracking pain
             ... invoked by an orc priest
              (5 damage)
             ... on level 4 of the Dungeon.
             The game lasted 00:03:13 (2222 turns).

Persephone the Shield-Bearer (Gargoyle Fighter)     Turns: 2222, Time: 00:03:13

Health: -2/37      AC: 12    Str: 22    XL:     6   Next: 5%
Magic:  6/6        EV:  9    Int:  8    God:
Gold:   1139       SH:  5    Dex: 15    Spells: 5/5 levels left

rFire   . . .        a - +0 war axe
rCold   . . .        c - +0 buckler
rNeg    + . .        b - +0 scale mail
rPois   ∞            k - +0 hat
rElec   +            d - +0 cloak
rCorr   .            (no gloves)
SInv    .            (no boots)
Will    .....        (no amulet) Stlth
                     q - +6 ring of dexterity
HPRegen 0.26/turn    (no ring)
MPRegen 0.10/turn

%: no passive effects
@: on berserk cooldown, slowed, very slow
A: sickness immunity, AC +4, negative energy resistance 1, electricity
resistance, torment resistance 1, petrification resistance
a: no special abilities


You were on level 4 of the Dungeon.
You visited 1 branch of the dungeon, and saw 4 of its levels.

You collected 1139 gold pieces.

Inventory:

Hand Weapons
 a - a +0 war axe (weapon)
Armour
 b - a +0 scale mail (worn)
 c - a +0 buckler (worn)
 d - a +0 cloak (worn)
 k - a +0 hat (worn)
Jewellery
 m - an amulet of magic regeneration
 q - a +6 ring of dexterity (left hand)
Wands
 e - a wand of flame (15)
 s - a wand of acid (7)
Scrolls
 f - a scroll of identify
 g - a scroll of enchant armour
 h - a scroll of teleportation
 i - a scroll of amnesia
 j - a scroll of noise
 l - 3 scrolls of immolation {unknown}
 r - a scroll of fear {unknown}
 t - a scroll of enchant weapon {unknown}
 x - a scroll of torment {unknown}
Potions
 n - a potion of attraction {unknown}
 o - 2 potions of degeneration {unknown}
 p - a potion of mutation {unknown}
 u - 2 potions of brilliance {unknown}
 v - a potion of heal wounds {unknown}
 w - a potion of berserk rage


   Skills:
 - Level 3.3 Fighting
 + Level 4.5 Axes
 - Level 3.3 Armour
 - Level 5.0 Shields


You had 5 spell levels left.
You didn't know any spells.
Your spell library was empty.

Dungeon Overview and Level Annotations

Branches:
Dungeon (4/15)
 Temple: D:4-7

Altars:


Innate Abilities, Weirdness & Mutations

You are immune to sickness and miasma.
Your stone body is resilient. (AC +4)
You are immune to poison.
You resist negative energy. (rN+)
You are resistant to electric shocks. (rElec)
You are resistant to unholy torment.
You are immune to petrification.


Message History

The orc wizard barely misses you.
The orc priest hits you but does no damage.
The orc wizard hits you but does no damage.
The orc priest barely misses you.
You slash the orc priest!
The orc priest is severely wounded.
You closely miss the orc wizard.
The orc wizard hits you with a +0 dagger of protection.
The orc priest hits you but does no damage.
You block the orc wizard's attack.
The orc priest hits you but does no damage.
You closely miss the orc priest.
The orc priest is severely wounded.
You hit the orc wizard.
The orc wizard points at you and mumbles some strange words.
The puff of flame hits you.
* * * LOW HITPOINT WARNING * * *
The orc priest hits you with a +0 hand axe.
* * * LOW HITPOINT WARNING * * *
The orc wizard points at you and mumbles some strange words.
You resist with some effort.
The orc priest hits you but does no damage.
You hit the orc priest.
The orc priest is severely wounded.
You barely miss the orc wizard.
The orc wizard hits you with a +0 dagger of protection.
* * * LOW HITPOINT WARNING * * *
The orc priest looks satisfied for a moment.
The orc wizard hits you but does no damage.
The orc priest hits you but does no damage.
You hit the orc priest.
The orc priest is almost dead.
You barely miss the orc wizard. You block the orc wizard's attack.
The orc priest invokes the aid of Beogh against you.
Pain shoots through your body!
* * * LOW HITPOINT WARNING * * *
The orc wizard hits you but does no damage.
The orc priest mumbles some strange prayers to Beogh against you.
Pain shoots through your body!
You die...

# #....##..#.|# ....
#....#...#..#
......#.......##..#
...........S...#..+
......###...#####S#
......##..### #o# #+
#o..## #.# .
)o...o.##########.###....
.o#..w. ..#.@o.......#
#..#. #.#o###.###.##
#..#.####.#w# #.# ...
#......#.# #.# ..#
#......#.# #.# #.
#........# #.# ...
#......#####.#......
#.........>#.#......
#......##.##.#......


You could see a ribbon worm, an orc priest and an orc wizard.

Vanquished Creatures
  An orc priest (D:3)
  2 hounds (D:4)
  A jelly (D:4)
  Crazy Yiuf (D:3)
  An orc wizard (D:4)
  An adder (D:2)
  9 orcs
  A bat (D:3)
  4 endoplasms
  4 giant cockroaches
  6 goblins
  A hobgoblin (D:3)
  3 kobolds
  A quokka (D:3)
  4 ball pythons
  2 frilled lizards (D:1)
  3 rats (D:1)
45 creatures vanquished.

Notes
Turn   | Place    | Note
-------+----------+-------------------------------------------
     0 | D:1      | Persephone the Gargoyle Fighter began the quest for the
                  | Orb.
     0 | D:1      | Reached XP level 1. HP: 14/14 MP: 1/1
   205 | D:1      | Reached XP level 2. HP: 19/19 MP: 2/2
   567 | D:1      | Found a faded altar of an unknown god.
  1039 | D:2      | Identified the +11 whip of Iviekhae {elec, *Slow rC+ Str+3}
  1135 | D:2      | Reached skill level 4 in Shields
  1135 | D:2      | Reached XP level 3. HP: 23/23 MP: 3/3
  1408 | D:3      | Found a runed translucent door.
  1410 | D:3      | Noticed Crazy Yiuf
  1606 | D:3      | Reached XP level 4. HP: 21/28 MP: 4/4
  1900 | D:3      | Killed Crazy Yiuf
  1908 | D:3      | Identified a scroll of acquirement
  1913 | D:3      | Acquired 949 gold pieces
  1977 | D:4      | Reached skill level 5 in Shields
  1977 | D:4      | Reached XP level 5. HP: 27/32 MP: 5/5
  2210 | D:4      | Reached XP level 6. HP: 20/37 MP: 6/6
  2222 | D:4      | Killed from afar by an orc priest

Illustrated notes

Levels and vault maps discovered:
D:1:      dpeg_arrival_ternary, layout_basic,
          shapermc_ecumenical_altar_mp_vishouse
D:2:      layout_loops_cross
D:3:      minmay_evil_eye, layout_rooms, nicolae_kite_square_tiling_tiny,
          uniq_crazy_yiuf_cottage
D:4:      layout_basic, minmay_temple_entry_drinking_statues,
          portal_sewer_entry_b

Skill      XL: |  1  2  3  4  5 |
---------------+----------------+-----
Axes           | 2 3 4 |  4.5
Shields        | 4 5 |  5.0
Fighting       | |  3.3
Armour         | |  3.3

Action                     |  1- 3 |  4- 6 || total
---------------------------+-------+-------++-------
  Melee: War axe           |    85 |    42 ||   127
    Use: Scroll            |       |     6 ||     6
         Potion            |       |     2 ||     2
 Armour: Scale mail        |    57 |    41 ||    98
  Dodge: Dodged            |    35 |    14 ||    49
  Block: Buckler           |    21 |    18 ||    39
